 Dungeon Crawl Stone Soup version 0.26-a0-466-g989023bd0d (webtiles) character file.

Game seed: 13775769673718642664

490 MrRokkomies the Bolt Thrower (level 7, 0/37 (38) HPs)
             Began as a Kobold Arcane Marksman on July 29, 2020.
             Was a Believer of Sif Muna.
             Killed from afar by an orc wizard (10 damage)
             ... with a puff of flame
             ... on level 4 of the Dungeon.
             The game lasted 00:07:26 (4357 turns).

MrRokkomies the Bolt Thrower (KoAM)                 Turns: 4357, Time: 00:07:27

HP:   0/37 (38)     AC:  3    Str: 10    XL:     7   Next: 36%
MP:   8/8           EV: 17    Int: 14    God:    Sif Muna [**....]
Gold: 108           SH:  0    Dex: 15    Spells: 2/8 levels left

rFire    . . .     SeeInvis .   b - +0 short sword (venom)
rCold    . . .     Faith    .   (shield restricted)
rNeg     . . .     Spirit   .   e - +0 robe
rPois    .         Reflect  .   s - +0 helmet
rElec    .         Harm     .   (no cloak)
rCorr    .                      (no gloves)
MR       .....                  (no boots)
Stlth    ++++......             (no amulet)
HPRegen  0.12/turn              (no ring)
MPRegen  0.11/turn              (no ring)

@: no status effects
A: small, nightstalker 3
a: Channel Magic, Renounce Religion


You were on level 4 of the Dungeon.
You worshipped Sif Muna.
Sif Muna was pleased with you.
You visited 1 branch of the dungeon, and saw 4 of its levels.

You collected 198 gold pieces.
You spent 90 gold pieces at shops.

Inventory:

Hand Weapons
 a - a +0 hand crossbow
 b - a +0 short sword of venom (weapon)
 r - a +0 dagger of draining
Missiles
 d - 39 bolts
 f - 17 poisoned darts (quivered)
 h - a throwing net
Armour
 e - a +0 robe (worn)
 s - a +0 helmet (worn)
Scrolls
 g - 3 scrolls of teleportation
Potions
 c - a potion of mutation
 i - a potion of resistance
 j - 2 potions of cancellation
 k - a potion of curing
 l - a potion of haste {unknown}
 n - 2 potions of flight {unknown}


   Skills:
 - Level 1.1 Fighting
 * Level 5.5 Crossbows
 + Level 4.2 Dodging
 * Level 5.0 Stealth
 - Level 1.1 Spellcasting
 + Level 4.6 Hexes


You had 2 spell levels left.
You knew the following spells:

 Your Spells              Type           Power        Failure   Level
a - Corona                Hex            ##.....      4%          1
b - Slow                  Hex            ##......     6%          2
c - Inner Flame           Hex/Fire       #.......     30%         3

Your spell library contained the following spells:

 Spells                   Type           Power        Failure   Level
 Portal Projectile        Hex/Tloc       #.....       30%         3
 Cause Fear               Hex            ##........   36%         4
 Leda's Liquefaction      Hex/Erth       #.........   69%         4


Dungeon Overview and Level Annotations

Branches:
Dungeon (4/15)
 Temple: D:4-7

Altars:
Gozag
Sif Muna
Zin


Innate Abilities, Weirdness & Mutations

You are small and have problems with some larger weapons.
You are completely attuned to the shadows.


Message History

The hound is lightly wounded.
You hear an angry hiss.
The hound misses you.
An orc wizard comes into view. It is wielding a +0 dagger.
The orc wizard closely misses you.
You hit the hound but do no damage.
The hound is moderately wounded.
The hound bites you. The hound barely misses you.
An orc comes into view.
It is wielding a +0 flail and quivering 6 silver boomerangs.
The orc wizard barely misses you.
You hit the hound but do no damage.
The hound looks as sick as possible!
The hound is heavily wounded.
The hound bites you.
The orc wizard points at you and mumbles some strange words.
The magic dart hits you! The hound bites you.
The orc wizard hits you from afar with a +0 trident!
* * * LOW HITPOINT WARNING * * *
The orc wizard gestures at you while chanting.
The puff of flame hits you!
You die...

######## .......#
.......# #.........
.......# #.........
.......# #......#
.......#######......##
.......'........@.h...
.......#######........
.......# #.....o..
.......# #####o#..
.....(.. o... ##### #
. .


You could see a hound (extremely poisoned), 2 orc wizards and an orc.

Vanquished Creatures
  An ogre (D:4)
  A necrophage (D:4)
  A scorpion (D:3)
  A howler monkey (D:4)
  A worker ant (D:3)
  Robin (D:3)
  3 gnolls (D:2)
  6 adders
  An ooze (D:3)
  A worm (D:2)
  A dart slug (D:2)
  A leopard gecko (D:1)
  9 orcs
  5 ball pythons
  5 giant cockroaches
  13 goblins
  16 hobgoblins
  5 jackals (D:1)
  2 quokkas (D:3)
  10 bats
  4 frilled lizards
  13 kobolds
  6 rats
107 creatures vanquished.

Notes
Turn   | Place    | Note
-------+----------+-------------------------------------------
     0 | D:1      | MrRokkomies the Kobold Arcane Marksman began the quest for
                  | the Orb.
     0 | D:1      | Reached XP level 1. HP: 12/12 MP: 2/2
   144 | D:1      | Reached XP level 2. HP: 16/16 MP: 3/3
   149 | D:1      | Learned a level 2 spell: Slow
   360 | D:1      | Reached skill level 1 in Stealth
   373 | D:1      | Reached XP level 3. HP: 14/20 MP: 4/4
  1278 | D:2      | Found a shimmering blue altar of Sif Muna.
  1303 | D:2      | Reached XP level 4. HP: 18/25 MP: 5/5
  1317 | D:2      | Became a worshipper of Sif Muna the Loreminder
  1440 | D:2      | Found Zin's Purification Station.
  1443 | D:2      | Found a glowing silver altar of Zin.
  1452 | D:2      | Bought a potion of curing for 90 gold pieces
  1905 | D:2      | Reached XP level 5. HP: 29/29 MP: 6/6
  2565 | D:3      | Found an opulent altar of Gozag.
  2868 | D:3      | Reached * piety under Sif Muna
  3250 | D:3      | Noticed Robin
  3265 | D:3      | Killed Robin
  3265 | D:3      | Reached XP level 6. HP: 21/34 MP: 7/7
  3272 | D:3      | HP: 1/34 [goblin/+0 club[Robin] (6)]
  3753 | D:3      | Learned a level 3 spell: Inner Flame
  3759 | D:4      | Noticed a necrophage
  3770 | D:4      | Killed a necrophage
  3819 | D:4      | Reached skill level 5 in Crossbows
  3995 | D:3      | Reached XP level 7. HP: 23/37 MP: 8/8
  4252 | D:4      | Reached ** piety under Sif Muna
  4252 | D:4      | Reached skill level 5 in Stealth
  4357 | D:4      | Killed from afar by an orc wizard

Illustrated notes

Levels and vault maps discovered:
D:1:      matt_arrival_spirals, layout_basic
D:2:      layout_basic, zin_purify, led_sif_pool, grunt_ministairs_9,
          minmay_misc_feat_columns, serial_park_tiny_1, chequers_garden,
          minivault_27, serial_park_tiny_2
D:3:      layout_rooms, grunt_gozag_breadcrumbs, uniq_robin
D:4:      lemuel_upstairs_altar, layout_basic, kennysheep_little_box

Skill      XL: |  1  2  3  4  5  6  7 |
---------------+----------------------+-----
Crossbows      | 3 4 5 |  5.5
Stealth        | 1 2 3 4 5 |  5.0
Dodging        | 3 4 |  4.2
Hexes          | 4 |  4.6
Fighting       | |  1.1
Spellcasting   | |  1.1

Action                   |  1- 3 |  4- 6 |  7- 9 || total
-------------------------+-------+-------+-------++-------
Melee: Spear             |    84 |       |       ||    84
       Short sword       |    14 |    35 |    20 ||    69
       Dagger            |       |    17 |       ||    17
 Fire: Hand crossbow     |    20 |   119 |       ||   139
  Use: Scroll            |       |     6 |       ||     6
       Potion            |       |     2 |       ||     2
 Stab: Sleeping          |    12 |     8 |       ||    20
Armor: Robe              |    13 |    16 |     3 ||    32
Dodge: Dodged            |    72 |   105 |    19 ||   196

Table legend: (Time is in decaauts)
 A = Elapsed time spent in this place.
 B = Non-inter-level travel time spent in this place.
 C = Inter-level travel time spent in this place.
 D = Time resting spent in this place.
 E = Time spent auto-exploring this place.
 F = Levels seen in this place.
 G = Mean time per level.
                   A        B        C        D        E       F      G
               +--------+--------+--------+--------+--------+-----+--------+
         Total |   4416 |   4327 |     89 |   1315 |   2260 |   4 | 1104.0 |
       Dungeon |   4416 |   4327 |     89 |   1315 |   2260 |   4 | 1104.0 |
               +--------+--------+--------+--------+--------+-----+--------+

Top non-repeatable levels by time:
     D:3: 1623 daAuts
     D:1: 1460 daAuts
     D:2: 1125 daAuts
     D:4: 206 daAuts
